 Dungeon Crawl Stone Soup version 0.25.0-26-g0c896c7088 (webtiles) character file.

Game seed: 5963552377833072356

101 xccam the Insei (level 4, -3/28 HPs)
             Began as an Octopode Transmuter on July 1, 2020.
             Slain by an adder (5 damage)
             ... on level 4 of the Dungeon.
             The game lasted 00:02:33 (3067 turns).

xccam the Insei (Octopode Transmuter)               Turns: 3067, Time: 00:02:34

Health: -3/28      AC:  1    Str: 10    XL:     4   Next: 75%
Magic:  0/7        EV: 13    Int: 15    God:
Gold:   137        SH:  0    Dex: 12    Spells: 4/7 levels left

rFire    . . .     SeeInvis .     - Unarmed
rCold    . . .     Gourm    .   (no shield)
rNeg     . . .     Faith    .   (helmet restricted)
rPois    .         Spirit   +   f - amulet of guardian spirit
rElec    .         Reflect  .   p - ring of teleportation (curse)
rCorr    .         Harm     .   (no ring)
MR       .....     Rnd*Tele +   (no ring)
Stlth    ++........             (no ring)
HPRegen  0.09/turn              (no ring)
MPRegen  0.10/turn              (no ring)
                                (no ring)
                                (no ring)

@: no status effects
A: almost no armour, stealthy swim, amphibious, 8 rings, constrict 8, camouflage
1, gelatinous body 1
a: no special abilities


You were on level 4 of the Dungeon.
You were not hungry.

You visited 1 branch of the dungeon, and saw 4 of its levels.

You collected 137 gold pieces.

Inventory:

Missiles
 a - 33 arrows
Jewellery
 f - an amulet of guardian spirit (around mantle)
 p - a cursed ring of teleportation (left tentacle)
Scrolls
 b - 2 scrolls of enchant weapon
 d - a scroll of remove curse {unknown}
Potions
 e - 2 potions of magic
 g - a potion of might
 i - a potion of invisibility {unknown}
 l - a potion of flight {unknown}
 n - a potion of degeneration {unknown}
Comestibles
 c - 7 rations
 h - 2 chunks of flesh


   Skills:
 - Level 1.0 Fighting
 - Level 2.0 Dodging
 + Level 5.3 Unarmed Combat
 - Level 2.0 Spellcasting
 - Level 2.0 Transmutations


You had 4 spell levels left.
You knew the following spells:

 Your Spells              Type           Power        Failure   Level  Hunger
a - Beastly Appendage     Tmut           #.....       10%         1    #......
b - Sticks to Snakes      Tmut           #.......     14%         2    ###....

Your spell library contained the following spells:

 Spells                   Type           Power        Failure   Level  Hunger
 Spider Form              Tmut/Pois      #.........   41%         3    ###....
 Ice Form                 Ice/Tmut       #.......     82%         4    #####..
 Blade Hands              Tmut           #.........   95%         5    ######.


Dungeon Overview and Level Annotations

Branches:
Dungeon (4/15)
 Temple: D:4-7

Altars:
Fedhas
Qazlal


Innate Abilities, Weirdness & Mutations

You cannot wear most types of armour.
You are very stealthy in the water. (Stealth+)
You are amphibious.
You can wear up to eight rings at the same time.
You can use your tentacles to constrict eight enemies at once.
Your skin changes colour to match your surroundings (Stealth+).
Your rubbery body absorbs attacks. (AC +1, EV +1)


Message History

Okay, then.
The adder hisses angrily.
The hound barks!
The phantom hits you. The hound bites you. The adder barely misses you.
The hound barely misses you. The adder barely misses you. The hound bites you.
The adder closely misses you. The hound misses you.
The adder bites you but does no damage.
The howler monkey skeleton closely misses you.
The phantom hits you!
* * * LOW HITPOINT WARNING * * *
The hound bites you. The hound bites you.
* * * LOW HITPOINT WARNING * * *
The phantom blinks!
The hound bites you.
* * * LOW HITPOINT WARNING * * *
The hound barely misses you. The hound misses you. The adder bites you.
You die...

#. .. .. .# #
#.#.# ... #
#######.#..##
#.....@.....#
#...hS....#.#
#..Z.....$#
#..!......#
#....W....#
#.........#
#.........#
#.........#
#....(....#


You could see a phantom, a hound, an adder and a howler monkey skeleton.

Vanquished Creatures
  2 adders (D:3)
  An ooze (D:2)
  A worm (D:2)
  2 dart slugs
  4 leopard geckos
  7 orcs
  A giant cockroach (D:1)
  10 goblins
  4 hobgoblins
  5 jackals (D:2)
  A ball python (D:2)
  4 bats
  7 frilled lizards
  7 kobolds
  A rat (D:3)
57 creatures vanquished.

Notes
Turn   | Place    | Note
-------+----------+-------------------------------------------
     0 | D:1      | xccam the Octopode Transmuter began the quest for the Orb.
     0 | D:1      | Reached XP level 1. HP: 13/13 MP: 3/3
   149 | D:1      | Reached XP level 2. HP: 18/18 MP: 5/5
   160 | D:1      | Learned a level 2 spell: Sticks to Snakes
   904 | D:2      | Reached skill level 4 in Unarmed Combat
   947 | D:2      | Reached XP level 3. HP: 17/23 MP: 6/6
  1184 | D:2      | Found a blossoming altar of Fedhas.
  1911 | D:2      | Reached XP level 4. HP: 28/28 MP: 7/7
  2245 | D:3      | Reached skill level 5 in Unarmed Combat
  2952 | D:3      | Found a stormy altar of Qazlal.
  3049 | D:4      | Noticed a phantom
  3067 | D:4      | Slain by an adder

Illustrated notes

Levels and vault maps discovered:
D:1:      dpeg_arrival_round_c, layout_loops_ring
D:2:      layout_basic, fedhas_ov_isle_minmay, minmay_door_square,
          roderic_roman_lattice, guppyfry_early_orc_mine
D:3:      layout_loops_ring, lemuel_round_altar, first_ration
D:4:      layout_rooms, minmay_temple_entry_stoned_glass, serial_shops,
          nicolae_shop_window_shopping, shop_statue, shop, kennysheep_mini, shop

Skill      XL: |  1  2  3  4 |
---------------+-------------+-----
Unarmed Combat | 4 5 |  5.3
Fighting       | |  1.0
Dodging        | |  2.0
Spellcasting   | |  2.0
Transmutations | |  2.0

Action                   |  1- 3 |  4- 6 || total
-------------------------+-------+-------++-------
Melee: Unarmed           |    85 |    46 ||   131
       Constrict         |    23 |    13 ||    36
       Tentacles         |     7 |     7 ||    14
       Punch             |     3 |     6 ||     9
  Use: Scroll            |       |     7 ||     7
 Stab: Sleeping          |     6 |     6 ||    12
  Eat: Chunk             |     3 |     4 ||     7
Armor: Skin              |     2 |     1 ||     3
Dodge: Dodged            |    49 |    31 ||    80
